 Dungeon Crawl Stone Soup version 0.18.1-50-g88ac8fd (webtiles) character file.

1593 nikopol the Skirmisher (level 8, -3/52 HPs)
             Began as a Gargoyle Berserker on Sept 16, 2016.
             Was an Elder of Trog.
             Slain by a killer bee (7 damage)
             ... on level 6 of the Dungeon.
             The game lasted 00:13:25 (5365 turns).

nikopol the Skirmisher (Gargoyle Berserker)         Turns: 5365, Time: 00:13:26

Health: -3/52      AC: 18    Str: 19    XL:     8   Next: 93%
Magic:  8/8        EV: 12    Int:  7    God:    Trog [****..]
Gold:   232        SH:  0    Dex: 11    Spells: 0 memorised, 7 levels left

rFire  . . .     SeeInvis .     a - +0 mace
rCold  . . .     Gourm    .     m - +0 ring mail
rNeg   + . .     Faith    .     (no shield)
rPois  ∞         Spirit   .     o - +2 helmet
rElec  +         Dismiss  .     (no cloak)
rCorr  .         Reflect  .     (no gloves)
SustAt .         Harm     .     y - +2 pair of boots {Fly}
MR     .....                    (no amulet)
Stlth  +.........               (no ring)
                                s - -3 ring of strength (curse)

@: exhausted, flying, slowed, very slow, not resistant to hostile enchantments,
very unstealthy
A: negative energy resistance 1, electricity resistance, unbreathing,
petrification resistance, rot immunity, AC +5
a: Berserk, Trog's Hand, Brothers in Arms, Burn Spellbooks, Renounce Religion,
Stop Flying


You were on level 6 of the Dungeon.
You worshipped Trog.
Trog was greatly pleased with you.
You were not hungry.

You visited 1 branch of the dungeon, and saw 6 of its levels.

You collected 232 gold pieces.

Inventory:

Hand Weapons
 a - a +0 mace (weapon)
Missiles
 t - 26 arrows (quivered)
Armour
 b - a +0 animal skin
 m - a +0 ring mail (worn)
 o - a +2 helmet (worn)
 y - a +2 pair of boots of flying (worn)
Jewellery
 s - a cursed -3 ring of strength (left hand)
 F - an uncursed ring of ice {unknown}
Wands
 w - a wand of polymorph (14/24)
 D - a wand of slowing (20/48)
Scrolls
 d - a scroll of magic mapping {unknown}
 e - 2 scrolls of remove curse {unknown}
 g - 3 scrolls of teleportation {unknown}
 h - 4 scrolls of identify {unknown}
 l - 2 scrolls of random uselessness {unknown}
 n - 3 scrolls of enchant armour {unknown}
 p - a scroll of recharging {unknown}
 r - a scroll of fog {unknown}
 u - a scroll of immolation {unknown}
 z - 2 scrolls of noise {unknown}
 C - a scroll of amnesia {unknown}
Potions
 i - a potion of might {unknown}
 j - 4 potions of curing {unknown}
 k - 2 potions of flight {unknown}
 q - 2 potions of agility {unknown}
 v - a potion of invisibility {unknown}
 A - a potion of resistance
 B - a potion of berserk rage {unknown}
 E - a potion of degeneration {unknown}
Comestibles
 c - 6 bread rations


   Skills:
 + Level 6.8 Fighting
 + Level 5.9 Maces & Flails
 + Level 6.4 Armour
 + Level 4.9 Dodging


You had 7 spell levels left.
You didn't know any spells.

Dungeon Overview and Level Annotations

Branches:
Dungeon (6/15)
 Temple: D:4-7

Altars:
Dithmenos
Elyvilon
Kikubaaqudgha
Ru
Trog
Xom
The Shining One

Annotations:
D:6 Sigmund


Innate Abilities, Weirdness & Mutations

You are resistant to torment.
Your stone body is resilient (AC +5).
You are immune to poison.
You resist negative energy.
You are resistant to electric shocks.
You can survive without breathing.
You are immune to petrification.
You are immune to rotting.


Message History

A puff of flame appears from out of thin air!
The puff of flame hits the killer bee.
The killer bee closely misses you.
The killer bee stings you but does no damage.
The killer bee resists with significant effort.
The killer bee barely misses you.
The killer bee stings you but does no damage.
The killer bee stings you but does no damage. x2
Sigmund appears from thin air!
Reactivating autopickup.
The killer bee barely misses you.
The killer bee stings you but does no damage.
Sigmund casts a spell.
Sigmund flickers and vanishes!
Deactivating autopickup; reactivate with Ctrl-A.
The killer bee stings you!
* * * LOW HITPOINT WARNING * * *
The killer bee stings you but does no damage.
The killer bee stings you!
You die...

#.# ##.# #.# .#.# #.#
##.#.# #.# #..#.# #.#
#..#.# #.#.#.##.#
#.#...<..######
###########.#####.......#
...............y@..>....#
#..############y#.......#
##.## #.#.......# #..#
#.#.......# ##.#
#.#.......# #†##
#.#######.# ###).## #.#
.# #.....# #.# # ......#


You could see 2 killer bees.

Vanquished Creatures
  The ghost of Juudaz the Covert, an amateur OpAs (D:5)
  A steam dragon (D:4)
  A necrophage (D:5)
  An ogre (D:5)
  5 killer bees
  2 howler monkeys (D:5)
  2 crimson imps
  A centaur zombie (D:5)
  2 hounds
  4 orc priests
  Ijyb (D:3)
  An iguana (D:4)
  5 orc wizards
  Natasha (thrice) (D:3)
  4 worker ants
  10 adders
  A howler monkey skeleton (D:5)
  5 worms
  2 dart slugs
  5 giant geckos
  15 orcs
  6 bats
  2 bat zombies (D:2)
  5 giant cockroaches
  8 goblins
  7 hobgoblins
  3 jackals (D:3)
  A ball python (D:2)
  5 giant newts
  9 kobolds
  A quokka skeleton (D:4)
  4 rats
  2 rat zombies (D:2)
  2 plants (D:2)
127 creatures vanquished.

Vanquished Creatures (others)
  4 toadstools (D:1)
4 creatures vanquished.

Grand Total: 131 creatures vanquished

Notes
Turn   | Place    | Note
--------------------------------------------------------------
     0 | D:1      | nikopol the Gargoyle Berserker began the quest for the Orb.
     0 | D:1      | Reached XP level 1. HP: 14/14 MP: 1/1
    95 | D:1      | Reached XP level 2. HP: 17/19 MP: 2/2
  1029 | D:2      | Reached XP level 3. HP: 18/24 MP: 3/3
  1156 | D:2      | Reached ** piety under Trog
  1419 | D:2      | Reached XP level 4. HP: 22/29 MP: 4/4
  1683 | D:2      | Found a sacrificial altar of Ru.
  1945 | D:2      | Found an ancient bone altar of Kikubaaqudgha.
  2089 | D:3      | Found a glowing golden altar of the Shining One.
  2109 | D:3      | Noticed Ijyb
  2120 | D:3      | Killed Ijyb
  2120 | D:3      | Reached XP level 5. HP: 33/33 MP: 5/5
  2260 | D:3      | Reached XP level 6. HP: 21/39 MP: 6/6
  2516 | D:3      | Noticed Natasha
  2530 | D:3      | Killed Natasha
  2679 | D:3      | Noticed Natasha
  2685 | D:3      | Killed Natasha
  2735 | D:3      | Noticed Natasha
  2748 | D:3      | Killed Natasha
  2831 | D:3      | Reached *** piety under Trog
  3325 | D:4      | Reached skill level 5 in Fighting
  3325 | D:4      | Reached XP level 7. HP: 16/44 MP: 7/7
  3554 | D:4      | Noticed a steam dragon
  3573 | D:4      | Killed a steam dragon
  3867 | D:4      | Reached skill level 5 in Armour
  4157 | D:5      | Entered Level 5 of the Dungeon
  4400 | D:5      | Reached XP level 8. HP: 47/51 MP: 8/8
  4415 | D:5      | Reached skill level 5 in Maces & Flails
  4523 | D:5      | Reached **** piety under Trog
  4554 | D:5      | Noticed Juudaz's ghost (amateur OpAs)
  4762 | D:5      | Killed Juudaz's ghost
  4985 | D:5      | Found a shadowy altar of Dithmenos.
  5072 | D:5      | Found a white marble altar of Elyvilon.
  5121 | D:5      | Found a shimmering altar of Xom.
  5252 | D:6      | Found a bloodstained altar of Trog.
  5278 | D:6      | Noticed Sigmund
  5365 | D:6      | Slain by a killer bee

Skill      XL: |  1  2  3  4  5  6  7  8 |
---------------+-------------------------+-----
Dodging        | 2 3 4 |  4.9
Fighting       | 4 5 6 |  6.8
Armour         | 3 4 5 6 |  6.4
Maces & Flails | 4 5 |  5.9

Action                   |  1- 3 |  4- 6 |  7- 9 || total
-------------------------+-------+-------+-------++-------
Melee: Mace              |   124 |   346 |   285 ||   755
Invok: Berserk           |       |     3 |     7 ||    10
       Trog's Hand       |       |       |     1 ||     1
  Eat: Chunk             |     2 |     9 |    11 ||    22
       Meat ration       |       |       |     1 ||     1
       Beef jerky        |       |       |     1 ||     1
Armor: Animal skin       |    19 |       |       ||    19
       Ring mail         |    35 |   155 |   234 ||   424
Dodge: Dodged            |    85 |   187 |   334 ||   606
